 Dungeon Crawl Stone Soup version 0.29.1-2-gbd0b4ee654 (webtiles) character file.

Game seed: 12651501389398925287

611 xian the Shooter (level 7, -5/53 HPs)
             Began as a Demonspawn Hunter on Nov 24, 2022.
             Slain by an ogre
             ... wielding a +0 giant spiked club
              (28 damage)
             ... on level 4 of the Dungeon.
             The game lasted 00:09:03 (3828 turns).

xian the Shooter (Demonspawn Hunter)                Turns: 3828, Time: 00:09:03

Health: -5/53      AC: 11    Str: 13    XL:     7   Next: 20%
Magic:  7/7        EV: 13    Int: 11    God:
Gold:   190        SH:  0    Dex: 22    Spells: 6/6 levels left

rFire   + . .      SeeInvis .   a - +0 shortbow
rCold   + . .      Faith    .   (shield currently unavailable)
rNeg    . . .      Spirit   .   p - +3 leather armour of the Shrieking God {rF+ rC+ Will+}
rPois   .          Reflect  .   (helmet restricted)
rElec   .          Harm     .   (no cloak)
rCorr   .          Rampage  .   (no gloves)
Will    +....                   j - +0 pair of boots
Stlth   ++........              (no amulet)
HPRegen 0.17/turn               o - +6 ring of dexterity
MPRegen 0.10/turn               v - +4 ring of protection

@: no status effects
A: antennae 1, hooves 1, demonic guardian 2, demonic touch 1
a: no special abilities


You were on level 4 of the Dungeon.
You visited 1 branch of the dungeon, and saw 4 of its levels.
You also visited: Sewer.

You collected 230 gold pieces.
You spent 40 gold pieces at shops.

Inventory:

Hand Weapons
 a - a +0 shortbow (weapon)
 y - a +3 dagger of venom
Armour
 j - a +0 pair of boots (worn)
 p - the +3 leather armour of the Shrieking God (worn) {rF+ rC+ Will+}
   (You found it on level 2 of the Dungeon)

   rF:        It protects you from fire.
   rC:        It protects you from cold.
   Will:      It increases your willpower.
Jewellery
 o - a +6 ring of dexterity (left hand)
 v - a +4 ring of protection (right hand)
Scrolls
 b - 2 scrolls of immolation
 g - 3 scrolls of enchant weapon {unknown}
 k - 2 scrolls of blinking
 l - a scroll of fog
 n - 2 scrolls of teleportation {unknown}
 q - 2 scrolls of amnesia {unknown}
 s - 2 scrolls of magic mapping
 u - a scroll of summoning
Potions
 c - a potion of might {unknown}
 d - 3 potions of attraction {unknown}
 e - a potion of berserk rage {unknown}
 f - 2 potions of heal wounds {unknown}
 h - 6 potions of curing
 i - 4 potions of flight {unknown}
 m - 4 potions of brilliance {unknown}
 r - 2 potions of resistance {unknown}
 t - a potion of magic {unknown}
 x - a potion of invisibility {unknown}
 z - a potion of cancellation {unknown}


   Skills:
 + Level 3.7 Fighting
 + Level 6.9 Ranged Weapons
 + Level 1.8 Armour
 + Level 2.4 Dodging
 + Level 1.0 Stealth


You had 6 spell levels left.
You didn't know any spells.
Your spell library contained the following spells:

 Spells                   Type           Power      Damage    Failure   Level
 Beastly Appendage        Tmut           0%         N/A       41%         1
 Wereblood                Tmut           0%         N/A       56%         2
 Ignite Poison            Fire/Tmut/Pois 0%         N/A       80%         3
 Mephitic Cloud           Conj/Pois/Air  0%         N/A       80%         3
 Ozocubu's Armour         Ice            0%         N/A       80%         3
 Spider Form              Tmut/Pois      0%         N/A       80%         3
 Freezing Cloud           Conj/Ice/Air   0%         6-21      100%        5
 Metabolic Englaciation   Hex/Ice        0%         N/A       100%        5
 Simulacrum               Ice/Necr       0%         N/A       100%        6


Dungeon Overview and Level Annotations

Branches:
Dungeon (4/15)              Sewer (visited)
 Temple: D:4-7

Altars:

Shops:
D:2 !(   D:3 [

Annotations:
D:3 great armor


Innate Abilities, Weirdness & Mutations

You have a pair of small antennae on your head.
You have large cloven feet.
A demonic guardian rushes to your aid.
Your touch may inflict minor irresistible damage on your foes.


Message History

Things that are here:
a +3 dagger of venom; 7 stones
y - a +3 dagger of venom Sorry, you're not good enough to have a special ability.
You drop a +2 short sword of draining.
There is a stone staircase leading down here.
d - 3 murky red potions (gained 1)
Found a dagger.
You see here a +0 dagger.
You see here a +0 dagger.
An ogre comes into view. It is wielding a +0 giant spiked club.
You shoot an arrow. The arrow hits the ogre.
The ogre shouts!
The ogre is lightly wounded.
You shoot an arrow. The arrow hits the ogre!
The ogre is moderately wounded.
You shoot an arrow. The arrow closely misses the ogre.
You shoot an arrow. The arrow closely misses the ogre.
The ogre hits you with a +0 giant spiked club!
You shoot an arrow. The arrow hits the ogre.
The ogre is heavily wounded.
You shoot an arrow. The arrow barely misses the ogre.
The ogre closely misses you.
You shoot an arrow. The arrow barely misses the ogre.
The ogre hits you with a +0 giant spiked club!!
You are too injured to fight recklessly!
You are too injured to fight recklessly!
You are too injured to fight recklessly!
You are too injured to fight recklessly!
You are too injured to fight recklessly!
You are too injured to fight recklessly!
You are too injured to fight recklessly!
Fire: a) +0 shortbow
Press: ? - help, Q - select action Shift-Dir - straight line, f/p - ogre
Aim: an ogre, wielding a +0 giant spiked club (heavily wounded, 79% to hit)
You shoot an arrow. The arrow hits the ogre.
The ogre is severely wounded.
The ogre hits you with a +0 giant spiked club!!
Ouch! That really hurt!
You die...

############
#.)........#
#.########.# #.# #.#
#.# #.# #.# #.#
#########.########.#
#.O@.......##.......
#.#######..##.####.#
#.* #..##.##.... #.*
#).##.##.#.. #.*
#..##.##.#.# #.*
#####...<......# #.*
#..<......##.#.# #.*
#.####.##....#.# *,*
*,* #.##.#.....


You could see an ogre.

Vanquished Creatures
  3 kobold brigands (Sewer)
  A hound (D:4)
  An orc priest (D:3)
  A gnoll bouda (D:4)
  5 gnolls (D:4)
  8 adders
  2 river rats (Sewer)
  4 worms
  5 dart slugs
  2 orcs (D:3)
  11 ball pythons
  3 bats
  9 endoplasms
  5 giant cockroaches
  4 goblins
  4 hobgoblins
  5 quokkas
  6 frilled lizards
  6 kobolds
  7 rats
92 creatures vanquished.

Vanquished Creatures (collateral kills)
  A scorpion (D:3)
  2 gnolls (D:4)
3 creatures vanquished.

Grand Total: 95 creatures vanquished

Notes
Turn   | Place    | Note
-------+----------+-------------------------------------------
     0 | D:1      | xian the Demonspawn Hunter began the quest for the Orb.
     0 | D:1      | Reached XP level 1. HP: 16/16 MP: 1/1
   203 | D:1      | Reached skill level 4 in Ranged Weapons
   306 | D:1      | Gained mutation: A weak demonic guardian rushes to your
                  | aid. [demonic ancestry]
   306 | D:1      | Reached XP level 2. HP: 22/22 MP: 2/2
   853 | D:2      | Identified the +3 leather armour of the Shrieking God {rF+
                  | rC+ Will+}
  1042 | D:2      | Gained mutation: A demonic guardian rushes to your aid.
                  | [demonic ancestry]
  1042 | D:2      | Reached XP level 3. HP: 28/28 MP: 3/3
  1080 | D:2      | Found Wucyadgh's Distillery.
  1088 | D:2      | Bought a potion of degeneration for 10 gold pieces
  1088 | D:2      | Bought a potion of curing for 30 gold pieces
  1351 | D:2      | Found Esegikal's Antique Weapon Boutique.
  1613 | D:3      | Discovered your monstrous ancestry.
  1613 | D:3      | Gained mutation: Your touch may inflict minor irresistible
                  | damage on your foes. [demonic ancestry]
  1613 | D:3      | Reached XP level 4. HP: 34/34 MP: 4/4
  1681 | D:3      | Reached skill level 1 in Armour
  1786 | D:3      | Reached skill level 5 in Ranged Weapons
  1797 | D:3      | Found Neoluo's Armour Shop.
  1895 | D:3      | Noticed a scorpion
  1903 | D:3      | Killed a scorpion
  1904 | D:3      | Reached skill level 1 in Stealth
  1904 | D:3      | Gained mutation: You have large cloven feet. [demonic
                  | ancestry]
  1904 | D:3      | Reached XP level 5. HP: 25/39 MP: 5/5
  2581 | D:4      | Gained mutation: You have a pair of small antennae on your
                  | head. [demonic ancestry]
  2581 | D:4      | Reached XP level 6. HP: 47/47 MP: 6/6
  2609 | D:4      | Found a glowing drain.
  2628 | Sewer    | Entered a sewer
  2683 | Sewer    | Reached skill level 6 in Ranged Weapons
  2963 | Sewer    | Reached XP level 7. HP: 52/52 MP: 7/7
  3828 | D:4      | Slain by an ogre

Illustrated notes

Levels and vault maps discovered:
D:1:      lemuel_arrival_tunnels, layout_loops_ring
D:2:      layout_loops_ring, serial_shops, nicolae_shop_hallway_plus,
          shop_fountains
D:3:      layout_basic, serial_shops, nicolae_shop_hallway_stairs
D:4:      layout_loops_ring, portal_sewer_entry_f

Skill      XL: |  1  2  3  4  5  6 |
---------------+-------------------+-----
Ranged Weapons | 4 5 6 |  6.9
Dodging        | 2 |  2.4
Armour         | 1 |  1.8
Stealth        | 1 |  1.0
Fighting       | 3 |  3.7

Action                   |  1- 3 |  4- 6 |  7- 9 || total
-------------------------+-------+-------+-------++-------
 Fire: Shortbow          |    80 |   153 |    68 ||   301
  Use: Scroll            |       |     5 |       ||     5
Armor: Leather armour    |    15 |    14 |    11 ||    40
Dodge: Dodged            |    26 |    30 |    26 ||    82
